 Dungeon Crawl Stone Soup version 0.27.1-2-g3b301248ec (webtiles) character file.

Game seed: 14582015394615490156

11 Gaust the Grasshopper (level 2, 0/22 HPs)
             Began as a Demonspawn Warper on Sept 27, 2021.
             Slain by a gnoll (7 damage)
             ... on level 1 of the Dungeon.
             The game lasted 00:02:21 (411 turns).

Gaust the Grasshopper (Demonspawn Warper)            Turns: 411, Time: 00:02:22

Health: 0/22       AC:  3    Str: 11    XL:     2   Next: 13%
Magic:  5/5        EV: 11    Int: 14    God:
Gold:   11         SH:  0    Dex: 12    Spells: 5/5 levels left

rFire    . . .     SeeInvis .   a - +0 mace
rCold    . . .     Faith    .   (no shield)
rNeg     . . .     Spirit   .   b - +0 leather armour
rPois    .         Reflect  .   (no helmet)
rElec    .         Harm     .   (no cloak)
rCorr    .         Rampage  .   (no gloves)
Will     .....                  (no boots)
Stlth    +.........             (no amulet)
HPRegen  0.07/turn              (no ring)
MPRegen  0.09/turn              (no ring)

@: no status effects
A: demonic guardian 1
a: no special abilities


You were on level 1 of the Dungeon.
You visited 1 branch of the dungeon, and saw 1 of its levels.

You collected 11 gold pieces.

Inventory:

Hand Weapons
 a - a +0 mace (weapon)
Missiles
 d - 5 boomerangs of dispersal (quivered)
Armour
 b - a +0 leather armour (worn)
Scrolls
 c - a scroll of blinking


   Skills:
 + Level 2.0 Fighting
 + Level 2.0 Maces & Flails
 + Level 0.8 Throwing
 + Level 1.1 Armour
 - Level 1.7 Dodging
 * Level 2.3 Spellcasting
 * Level 2.7 Translocations


You had 5 spell levels left.
You didn't know any spells.
Your spell library contained the following spells:

 Spells                   Type           Power      Damage    Failure   Level
 Blink                    Tloc           N/A        N/A       14%         2
 Gell's Gravitas          Tloc           4%         N/A       28%         3
 Lesser Beckoning         Tloc           4%         N/A       28%         3
 Teleport Other           Tloc           9%         N/A       28%         3
 Manifold Assault         Tloc           9%         N/A       95%         5


Dungeon Overview and Level Annotations

Branches:
Dungeon (1/15)

Altars:


Innate Abilities, Weirdness & Mutations

A weak demonic guardian rushes to your aid.


Message History

Your ufetubus hits the hobgoblin but does no damage.
Your ufetubus hits the hobgoblin.
The hobgoblin dies!
Your ufetubus closely misses the goblin.
Your ufetubus hits the goblin.
The goblin dies!
Things that are here:
a +0 dagger; 3 stones A ball python comes into view.
Things that are here:
a +0 club; a hobgoblin corpse The ball python bites you.
The ball python closely misses you.
Your ufetubus hits the ball python.
The ball python dies!
You start resting.
Your ufetubus disappears in a puff of smoke!
HP restored.
Found a stone staircase leading down.
A gnoll comes into view. It is wielding a +0 club.
Found 20 arrows.
The gnoll shouts!
A dart slug comes into view.
A rat comes into view.
The dart slug completely misses you.
You closely miss the gnoll. The gnoll hits you with a +0 club.
The dart slug launches a dart at you. The slug dart hits you.
The gnoll barely misses you.
You barely miss the gnoll. The gnoll hits you with a +0 club.
The dart slug bites you but does no damage.
You hit the gnoll.
The gnoll is moderately wounded.
The gnoll hits you with a +0 club. The dart slug barely misses you.
You closely miss the gnoll.
The gnoll is moderately wounded.
The gnoll barely misses you. The gnoll closely misses you.
You hit the gnoll.
The gnoll is heavily wounded.
The dart slug launches a dart at you. The slug dart hits you.
The gnoll hits you with a +0 club!
You die...

.........##..#.# #
.>...###.####....##.##
.### #.# #.........
#.# #....##.##
#####.#####.#.# #
............#.#
......#.......##
...(.rg........#
#.#####@######.# #w#
># #.# # #.# #.# #.#
... ...


You could see a gnoll, a dart slug and a rat.

Vanquished Creatures
  A ball python (D:1)
  2 giant cockroaches (D:1)
  A goblin (D:1)
  2 kobolds (D:1)
  A rat (D:1)
7 creatures vanquished.

Vanquished Creatures (collateral kills)
  A goblin (D:1)
  A hobgoblin (D:1)
  A ball python (D:1)
  A kobold (D:1)
4 creatures vanquished.

Grand Total: 11 creatures vanquished

Notes
Turn   | Place    | Note
-------+----------+-------------------------------------------
     0 | D:1      | Gaust the Demonspawn Warper began the quest for the Orb.
     0 | D:1      | Reached XP level 1. HP: 16/16 MP: 3/3
   163 | D:1      | Reached skill level 1 in Armour
   238 | D:1      | Gained mutation: A weak demonic guardian rushes to your
                  | aid. [demonic ancestry]
   238 | D:1      | Reached XP level 2. HP: 18/22 MP: 5/5
   411 | D:1      | Slain by a gnoll

Illustrated notes

Levels and vault maps discovered:
D:1:      sevenhm_arrival_forest_fort_large_4, layout_loops_ring,
          minmay_misc_feat_pillars

Skill      XL: |  1 |
---------------+----+-----
Armour         | 1 |  1.1
Maces & Flails | 2 |  2.0
Fighting       | |  2.0
Throwing       | |  0.8
Dodging        | |  1.7
Spellcasting   | |  2.3
Translocations | |  2.7

Action                   || total
-------------------------++-------
Melee: Mace              ||    24
Armor: Leather armour    ||     5
Dodge: Dodged            ||    16
